 Dungeon Crawl Stone Soup version 0.22-a0-247-gbddf880 (webtiles) character file.

5145 nikopol the Thaumaturge (level 10, -5/52 HPs)
             Began as a Deep Elf Fire Elementalist on Feb 26, 2018.
             Was a Believer of Sif Muna.
             Slain by a two-headed ogre
             ... wielding a +0 giant spiked club
              (23 damage)
             ... on level 8 of the Dungeon on Feb 27, 2018.
             The game lasted 00:37:11 (7938 turns).

nikopol the Thaumaturge (DEFE)                      Turns: 7938, Time: 00:37:11

Health: -5/52      AC:  3    Str:  5    XL:     10   Next: 33%
Magic:  32/37      EV: 14    Int: 24    God:    Sif Muna [**....]
Gold:   438        SH:  0    Dex: 15    Spells: 18/33 levels left

rFire    . . .     SeeInvis .   G - +2 dagger (speed)
rCold    . . .     Gourm    .   (no shield)
rNeg     . . .     Faith    .   a - +0 robe
rPois    .         Spirit   .   E - +1 hat
rElec    .         Reflect  .   (no cloak)
rCorr    .         Harm     .   (no gloves)
MR       +....                  (no boots)
Stlth    +++.......             m - amulet of regeneration
HPRegen  0.57/turn              c - ring of magical power
MPRegen  0.25/turn              (no ring)

@: no status effects
A: no striking features
a: Divine Energy, Renounce Religion


You were on level 8 of the Dungeon.
You worshipped Sif Muna.
Sif Muna was pleased with you.
You were hungry.

You visited 2 branches of the dungeon, and saw 9 of its levels.

You collected 438 gold pieces.

Inventory:

Hand Weapons
 G - a +2 dagger of speed (weapon)
Armour
 a - a +0 robe (worn)
 E - a +1 hat (worn)
Jewellery
 c - a ring of magical power (left hand)
 m - an amulet of regeneration (around neck)
 s - a +2 amulet of reflection
 x - an uncursed ring of wizardry {unknown}
 H - an uncursed ring of protection from fire {unknown}
Wands
 p - a wand of random effects (50)
 A - a wand of digging (5)
 I - a wand of flame (32)
 J - a wand of iceblast (19)
Scrolls
 d - 3 scrolls of fear {unknown}
 e - 2 scrolls of amnesia {unknown}
 h - 4 scrolls of noise {unknown}
 i - a scroll of enchant armour {unknown}
 j - 6 scrolls of identify {unknown}
 l - 4 scrolls of remove curse {unknown}
 o - 2 scrolls of teleportation {unknown}
 q - 2 scrolls of enchant weapon {unknown}
 u - a scroll of silence {unknown}
 w - a scroll of magic mapping {unknown}
 y - a scroll of fog {unknown}
 z - a scroll of acquirement {unknown}
 C - a scroll of immolation {unknown}
Potions
 f - 4 potions of invisibility {unknown}
 g - 4 potions of degeneration {unknown}
 k - 4 potions of curing {unknown}
 n - 2 potions of ambrosia {unknown}
 r - a potion of magic {unknown}
 t - a potion of might {unknown}
 v - a potion of mutation {unknown}
 B - a potion of resistance {unknown}
 D - a potion of brilliance {unknown}
 F - a potion of heal wounds {unknown}
Comestibles
 b - 16 rations


   Skills:
 + Level 1.3 Fighting
 + Level 3.9 Dodging
 + Level 4.8 Stealth
 + Level 12.0 Spellcasting
 + Level 8.7 Conjurations
 + Level 9.6 Fire Magic


You had 18 spell levels left.
You knew the following spells:

 Your Spells              Type           Power        Failure   Level  Hunger
a - Flame Tongue          Conj/Fire      #####        1%          1    None
b - Throw Flame           Conj/Fire      ######       1%          2    None
c - Conjure Flame         Conj/Fire      ######..     1%          3    None
d - Sticky Flame          Conj/Fire      ######..     1%          4    None
e - Fireball              Conj/Fire      ######....   2%          5    ###....


Dungeon Overview and Level Annotations

Branches:
Dungeon (8/15)             Temple (1/1) D:6
   Lair: D:8-11

Altars:
Ashenzari
Cheibriados
Dithmenos
Elyvilon
Fedhas
Gozag
Hepliaklqana
Kikubaaqudgha
Makhleb
Nemelex Xobeh
Okawaru
Qazlal
Ru
Sif Muna
Trog
Uskayaw
Vehumet
Wu Jian
Xom
Yredelemnul
Zin
The Shining One

Annotations:
D:8 Maurice


Message History

The two-headed ogre misses you.
The two-headed ogre burns!
The two-headed ogre burns!
The two-headed ogre burns!
The two-headed ogre burns!
The two-headed ogre burns!
The two-headed ogre stops burning.
Okay, then.
A leopard gecko comes into view.
Casting: Sticky Flame (safe; 1% risk of failure)
Confirm with . or Enter, or press ? or * to list all spells.
Aiming: Sticky Flame (safe; 1% risk of failure)
Press: ? - help, Shift-Dir - straight line, f/p - two-headed ogre
Aim: a two-headed ogre, wielding two giant spiked clubs (heavily wounded)
The sticky flame hits the two-headed ogre.
The two-headed ogre appears unharmed.
The two-headed ogre is heavily wounded.
The two-headed ogre is covered in liquid flames!
The two-headed ogre burns!
The two-headed ogre hits you with a giant spiked club!!
You die...

#... .#.. ..#
..# .l# ...
#.# #.. #.#
!#.. #.# ..#.
#.# .... #.#
#... #@# .#
#O# ..# #.#
... #.# #...
#.# ##. #.
###.# #..#.
#...#
#....#####.###
#....#...#.#


You could see a two-headed ogre (burning) and a leopard gecko (sleeping).

Vanquished Creatures
  2 two-headed ogres (D:8)
  The ghost of Serpenta the Chiller, a novice OpIE of Okawaru (D:5)
  A kobold demonologist (D:8)
  A hippogriff (D:8)
  A hungry ghost (D:7)
  Menkaure (D:5)
  5 ice beasts
  2 eyes of draining (D:6)
  3 phantoms
  2 ogres (D:4)
  A crocodile (D:8)
  Blork the orc (D:5)
  6 bullfrogs
  A wyvern zombie (D:6)
  2 scorpions
  3 killer bees (D:8)
  3 jellies
  5 hounds
  2 orc priests (D:5)
  Jessica (D:3)
  2 bullfrog skeletons
  4 worker ants
  3 orc wizards
  3 worker ant zombies
  A hound skeleton (D:5)
  12 gnolls
  A howler monkey skeleton (D:7)
  7 adders
  2 shadow imps
  An ooze (D:2)
  An adder skeleton (D:4)
  2 adder zombies (D:8)
  2 worms
  3 dart slugs
  5 leopard geckos
  16 orcs
  3 ball pythons
  7 bats
  4 giant cockroaches
  8 hobgoblins
  8 jackals
  7 quokkas
  4 frilled lizards
  5 goblins
  6 kobolds
  23 rats
184 creatures vanquished.

Notes
Turn   | Place    | Note
-------+----------+-------------------------------------------
     0 | D:1      | nikopol the Deep Elf Fire Elementalist began the quest for the Orb.
     0 | D:1      | Reached XP level 1. HP: 10/10 MP: 6/6
   228 | D:1      | Reached XP level 2. HP: 15/15 MP: 5/8
   319 | D:1      | Found a shattered altar of Ashenzari.
   814 | D:1      | Reached XP level 3. HP: 19/19 MP: 8/10
  1598 | D:2      | Learned a level 2 spell: Throw Flame
  1602 | D:2      | Learned a level 3 spell: Conjure Flame
  1777 | D:2      | Reached XP level 4. HP: 22/24 MP: 8/11
  1791 | D:2      | Learned a level 4 spell: Sticky Flame
  1957 | D:2      | Reached skill level 4 in Spellcasting
  2944 | D:3      | Noticed Jessica
  2949 | D:3      | Killed Jessica
  2949 | D:3      | Reached skill level 5 in Spellcasting
  2949 | D:3      | Reached XP level 5. HP: 28/28 MP: 13/14
  3107 | D:4      | Noticed an ogre
  3302 | D:4      | Noticed an ice beast
  3315 | D:4      | Killed an ice beast
  3320 | D:4      | Reached XP level 6. HP: 33/33 MP: 2/16
  3550 | D:4      | Reached skill level 6 in Spellcasting
  3742 | D:4      | Reached skill level 5 in Fire Magic
  3817 | D:4      | Found a burning altar of Makhleb.
  3817 | D:4      | Noticed a cacodemon
  3941 | D:4      | Reached XP level 7. HP: 37/37 MP: 19/19
  4000 | D:4      | Reached skill level 7 in Spellcasting
  4111 | D:5      | Entered Level 5 of the Dungeon
  4135 | D:5      | Noticed Serpenta's ghost (novice OpIE)
  4375 | D:5      | Noticed Menkaure
  4387 | D:5      | Killed Menkaure
  4487 | D:5      | Learned a level 5 spell: Fireball
  4545 | D:5      | Killed Serpenta's ghost
  4545 | D:5      | Reached skill level 8 in Spellcasting
  4545 | D:5      | Reached skill level 5 in Conjurations
  4545 | D:5      | Reached XP level 8. HP: 13/42 MP: 3/22
  4877 | D:5      | Reached skill level 9 in Spellcasting
  5070 | D:5      | Found a radiant altar of Vehumet.
  5175 | D:5      | Noticed Blork the orc
  5183 | D:5      | Killed Blork the orc
  5414 | D:6      | Got a bloodstained mace
  5767 | D:6      | Reached XP level 9. HP: 43/46 MP: 24/24
  5827 | D:6      | Identified the +0 mace "Gostrop" {crush, MR+} (You found it on level 6 of the Dungeon)
  5852 | D:6      | Found a staircase to the Ecumenical Temple.
  5918 | D:6      | Found a bloodstained altar of Trog.
  5997 | Temple   | Entered the Ecumenical Temple
  6093 | Temple   | Became a worshipper of Sif Muna the Loreminder
  6502 | D:7      | Reached skill level 10 in Spellcasting
  7093 | D:7      | Reached skill level 1 in Fighting
  7234 | D:8      | Reached * piety under Sif Muna
  7288 | D:8      | Noticed Maurice
  7476 | D:8      | Noticed a two-headed ogre
  7485 | D:8      | Reached skill level 11 in Spellcasting
  7496 | D:8      | Killed a two-headed ogre
  7496 | D:8      | Reached XP level 10. HP: 52/52 MP: 16/27
  7616 | D:8      | Noticed a two-headed ogre
  7663 | D:8      | Reached ** piety under Sif Muna
  7707 | D:8      | Noticed a two-headed ogre
  7726 | D:8      | Killed a two-headed ogre
  7745 | D:8      | Reached skill level 12 in Spellcasting
  7923 | D:8      | Noticed a two-headed ogre
  7938 | D:8      | Slain by a two-headed ogre

Vault maps used:
D:1:      lightli_arrival_lavapool, evilmike_ruin_ashenzari
D:2:      minmay_tree_intersection, minmay_rat_hole
D:3:      first_ration, uniq_jessica
D:4:      grunt_ministairs_5, makhleb_altar_promises_db
D:5:      overflow_temple_1_default, uniq_blork_the_orc, uniq_menkaure
D:6:      temple_fountains, trog_eyes_of_draining
D:8:      cheibrodos_fzero, serial_shops, nicolae_shop_behind_doors,
          uniq_maurice, uniq_erica
Temple:   kilobyte_greek_temple

Skill      XL: |  1  2  3  4  5  6  7  8  9 10 |
---------------+-------------------------------+-----
Fire Magic     | 4 5 6 7 9 |  9.6
Stealth        | 3 4 |  4.8
Spellcasting   | 5 6 8 9 11 12 | 12.0
Dodging        | 3 |  3.9
Conjurations   | 2 3 5 6 8 |  8.7
Fighting       | 1 |  1.3

Action                   |  1- 3 |  4- 6 |  7- 9 | 10-12 || total
-------------------------+-------+-------+-------+-------++-------
Melee: Unarmed           |       |     5 |     2 |       ||     7
       Dagger            |       |       |       |     6 ||     6
 Cast: Flame Tongue      |    72 |   115 |   234 |    38 ||   459
       Throw Flame       |       |     8 |     8 |     9 ||    25
       Sticky Flame      |       |     8 |    28 |     7 ||    43
       Conjure Flame     |       |     2 |    14 |     1 ||    17
       Fireball          |       |       |     1 |       ||     1
  Use: Potion            |     1 |       |       |       ||     1
  Eat: Chunk             |     2 |     8 |     9 |     1 ||    20
       Ration            |       |       |     1 |       ||     1
Armor: Robe              |     2 |     8 |     6 |     3 ||    19
       Skin              |     1 |       |       |       ||     1
Dodge: Dodged            |    27 |    31 |    39 |    14 ||   111
Block: Other             |       |     1 |       |       ||     1

Table legend:
 A = Spawn XP
 B = Non-spawn XP
 C = Spawn XP percentage of total XP
 D = Spawn monster count
 E = Non-spawn monster count
 F = Spawn count percentage of total count
 G = Total turns spent on level
                    A         B        C        D         E        F      G
               +---------+---------+-------+---------+---------+-------+---------
         Total |       0 |    7350 |   0.0 |       0 |     184 |   0.0 |  7938
               +---------+---------+-------+---------+---------+-------+---------
           D:1 |       0 |      50 |   0.0 |       0 |      26 |   0.0 |  1104
           D:2 |       0 |      76 |   0.0 |       0 |      35 |   0.0 |  1303
           D:3 |       0 |     111 |   0.0 |       0 |      18 |   0.0 |   746
           D:4 |       0 |     724 |   0.0 |       0 |      21 |   0.0 |  1216
           D:5 |       0 |    1534 |   0.0 |       0 |      28 |   0.0 |  1027
           D:6 |       0 |     729 |   0.0 |       0 |      19 |   0.0 |   954
           D:7 |       0 |     683 |   0.0 |       0 |      14 |   0.0 |   844
           D:8 |       0 |    3443 |   0.0 |       0 |      23 |   0.0 |   601
               +---------+---------+-------+---------+---------+-------+---------
